 Dungeon Crawl Stone Soup version 0.28-a0-1415-g7c84da036a (webtiles) character file.

Game seed: 3630132626307589588

14 croobank the Vexing (level 2, 0/21 HPs)
             Began as a Formicid Arcane Marksman on Jan 7, 2022.
             Slain by a jackal (1 damage)
             ... on level 1 of the Dungeon.
             The game lasted 00:02:46 (533 turns).

croobank the Vexing (Formicid Arcane Marksman)       Turns: 533, Time: 00:02:46

Health: 0/21       AC:  2    Str: 14    XL:     2   Next: 55%
Magic:  3/4        EV: 12    Int:  8    God:
Gold:   11         SH:  0    Dex: 11    Spells: 2/3 levels left

rFire   . . .      SeeInvis +   a - +1 dagger (speed)
rCold   . . .      Faith    .   (no shield)
rNeg    . . .      Spirit   .   d - +0 robe
rPois   .          Reflect  .   (helmet unavailable)
rElec   .          Harm     .   (no cloak)
rCorr   .          Rampage  .   (no gloves)
Will    .....                   (no boots)
Stlth   +.........              (no amulet)
HPRegen 0.07/turn               (no ring)
MPRegen 0.09/turn               (no ring)

@: no status effects
A: permanent stasis, dig shafts and tunnels, antennae 3, four strong arms, dopey
2
a: Dig, Shaft Self


You were on level 1 of the Dungeon.
You visited 1 branch of the dungeon, and saw 1 of its levels.

You collected 11 gold pieces.

Inventory:

Hand Weapons
 a - a +1 dagger of speed (weapon)
 b - a +0 hunting sling
Missiles
 c - 39 sling bullets
 e - 24 arrows
 f - 4 stones (quivered)
Armour
 d - a +0 robe (worn)
Scrolls
 j - a scroll of magic mapping {unknown}
 k - a scroll of immolation {unknown}
Potions
 i - a potion of curing {unknown}


   Skills:
 + Level 1.3 Fighting
 + Level 0.3 Short Blades
 + Level 2.3 Slings
 + Level 2.0 Dodging
 + Level 1.3 Spellcasting
 + Level 3.8 Hexes


You had 2 spell levels left.
You knew the following spells:

 Your Spells              Type           Power      Damage    Failure   Level
a - Slow                  Hex            24%        N/A       9%          1

Your spell library contained the following spells:

 Spells                   Type           Power      Damage    Failure   Level
 Inner Flame              Hex/Fire       3%         N/A       45%         3
 Portal Projectile        Hex/Tloc       6%         N/A       45%         3
 Cause Fear               Hex            3%         N/A       63%         4


Dungeon Overview and Level Annotations

Branches:
Dungeon (1/15)

Altars:


Innate Abilities, Weirdness & Mutations

You cannot be hasted, slowed, berserked, paralysed or teleported.
You can dig through walls and to a lower floor.
You have a pair of large antennae on your head. (SInv)
Your four strong arms can wield two-handed weapons with a shield.
You are very dopey. (Int -4)


Message History

You now have 11 gold pieces (gained 3).
c - 39 sling bullets (gained 20)
You open the door.
A bat comes into view.
Found a stone staircase leading down.
The bat hits you.
There is an open door here.
You hit the bat.
You kill the bat!
A hobgoblin comes into view.
You see here a bat corpse. 3 jackals come into view.
The jackal barks! x2; The hobgoblin shouts!
The jackal moves out of view.
There is a stone staircase leading down here.
You barely miss the hobgoblin. The hobgoblin hits you.
You completely miss the hobgoblin. The jackal bites you.
You hit the hobgoblin.
The hobgoblin is heavily wounded.
The hobgoblin hits you.
You hit the hobgoblin.
The hobgoblin is almost dead.
The jackal bites you. x2
* * * LOW HITPOINT WARNING * * *
The hobgoblin closely misses you.
You hit the hobgoblin.
You kill the hobgoblin!
The jackal barely misses you. The jackal bites you.
* * * LOW HITPOINT WARNING * * *
It was a potion of haste.
Your stasis prevents you from being hasted.
The jackal barely misses you.
The jackal bites you but does no damage.
Okay, then.
It was a potion of mutation.
You feel extremely strange.
You feel stupid. x2
The jackal bites you.
* * * LOW HITPOINT WARNING * * *
The jackal barely misses you. The jackal bites you.
You die...

##+##..##
#.......####+##
#.............#
#.............#
##)###'#......#
#. #†#......+
#.###.#......#
#...h>########
#.{#h@# #. #†##
hh #. #. #. #
#. #. #. ..


You could see 2 jackals.

Vanquished Creatures
  A dart slug (D:1)
  2 hobgoblins (D:1)
  2 bats (D:1)
  3 frilled lizards (D:1)
  2 goblins (D:1)
  3 kobolds (D:1)
13 creatures vanquished.

Notes
Turn   | Place    | Note
-------+----------+-------------------------------------------
     0 | D:1      | croobank the Formicid Arcane Marksman began the quest for
                  | the Orb.
     0 | D:1      | Reached XP level 1. HP: 15/15 MP: 2/2
   481 | D:1      | Reached XP level 2. HP: 18/21 MP: 3/3
   533 | D:1      | Gained mutation: You are dopey. (Int -2) [potion of
                  | mutation]
   533 | D:1      | Gained mutation: You are very dopey. (Int -4) [potion of
                  | mutation]
   533 | D:1      | HP: 1/21 [jackal (2)]
   533 | D:1      | Slain by a jackal

Illustrated notes

Levels and vault maps discovered:
D:1:      minmay_arrival_cross, layout_basic

Skill      XL: |  1  2 |
---------------+-------+-----
Dodging        | 2 |  2.0
Fighting       | |  1.3
Short Blades   | |  0.3
Slings         | |  2.3
Spellcasting   | |  1.3
Hexes          | |  3.8

Action                   || total
-------------------------++-------
Melee: Dagger            ||    43
 Fire: Hunting sling     ||    12
Throw: Stone             ||     2
  Use: Potion            ||     2
Armor: Robe              ||    10
Dodge: Dodged            ||    29

Table legend: (Time is in decaauts)
 A = Elapsed time spent in this place.
 B = Non-inter-level travel time spent in this place.
 C = Inter-level travel time spent in this place.
 D = Time resting spent in this place.
 E = Time spent auto-exploring this place.
 F = Levels seen in this place.
 G = Mean time per level.
                   A        B        C        D        E       F      G
               +--------+--------+--------+--------+--------+-----+--------+
         Total |    515 |    515 |      0 |    120 |    224 |   1 |  515.0 |
       Dungeon |    515 |    515 |      0 |    120 |    224 |   1 |  515.0 |
               +--------+--------+--------+--------+--------+-----+--------+

Top non-repeatable levels by time:
     D:1: 515 daAuts
